 Dungeon Sprint DCSS version 0.19-a0-1587-gaef70b6 (webtiles) character file.

14485 poirepourri the Imperceptible (level 11, -4/50 HPs)
             Began as a Spriggan Enchanter on Sept 16, 2016.
             Was the Champion of Dithmenos.
             Killed by an exploding ballistomycete spore (30 damage)
             ... in the Dungeon (Sprint I: "Red Sonja").
             The game lasted 00:12:42 (3692 turns).

poirepourri the Imperceptible (Spriggan Enchanter)  Turns: 3692, Time: 00:12:43

Health: -4/50      AC:  5    Str:  4    XL:     11   Next: 89%
Magic:  30/30      EV: 32    Int: 18    God:    Dithmenos [******]
Gold:   599        SH:  0    Dex: 19    Spells: 5 memorised, 26 levels left

rFire  . . .     SeeInvis +     p - +1 dagger (venom)
rCold  . . .     Gourm    .     b - +1 robe
rNeg   + . .     Faith    .     (shield restricted)
rPois  .         Spirit   .     (helmet restricted)
rElec  .         Dismiss  .     (no cloak)
rCorr  .         Reflect  .     (gloves unavailable)
MR     +....     Harm     .     (boots unavailable)
Stlth  ++++++++.. NoTele   +    (no amulet)
                                x - ring of positive energy
                                n - +2 ring of protection

@: confused, wreathed by umbra, studying Invocations, very quick
A: unfitting armour, see invisible, herbivore 3, speed 3, slow metabolism 2
a: Shadow Step, Shadow Form, Renounce Religion


You were in the Dungeon.
You worshipped Dithmenos.
Dithmenos was exalted by your worship.
You were full.

You visited 1 branch You collected 1720 gold pieces.
You spent 1121 gold pieces at shops.

Inventory:

Hand Weapons
 a - a +1 dagger
 o - a +6 blowgun
 p - a +1 dagger of venom (weapon)
Missiles
 q - 9 curare-tipped needles
Armour
 b - a +1 robe (worn)
 s - a +2 buckler
Jewellery
 n - a +2 ring of protection (left hand)
 u - an uncursed ring of protection from fire
 v - an uncursed ring of protection from fire
 w - an uncursed ring of poison resistance
 x - a ring of positive energy (right hand)
Wands
 m - a wand of iceblast (7/15)
Potions
 e - a potion of curing
 g - a potion of haste
 h - a potion of magic
 i - 2 potions of berserk rage
 k - 2 potions of resistance
 l - a potion of cure mutation
 r - a potion of agility {unknown}
Books
 c - a book of Maledictions

   Spells                             Type                      Level
   a - Corona                         Hexes                        1
   b - Ensorcelled Hibernation        Hexes/Ice                    2
   c - Confuse                        Hexes                        3
   d - Tukima's Dance                 Hexes                        3
   e - Dazzling Spray                 Conjuration/Hexes            3
 f - a manual of Invocations
 j - a book of Unlife

   Spells                             Type                      Level
   a - Recall                         Summoning/Translocation      3
   b - Animate Dead                   Necromancy                   4
   c - Control Undead                 Necromancy                   4
   d - Cigotuvi's Embrace             Necromancy                   5
   e - Death Channel                  Necromancy                   6
   f - Simulacrum                     Ice/Necromancy               6


   Skills:
 + Level 1.9 Fighting
 + Level 10.1 Short Blades
 + Level 15.0 Dodging
 + Level 26.7 Stealth
 + Level 14.2 Spellcasting
 + Level 0.9 Conjurations
 + Level 15.3 Hexes
 - Level 2.0 Ice Magic


You had 26 spell levels left.
You knew the following spells:

 Your Spells              Type           Power        Failure   Level  Hunger
a - Corona                Hex            ######.      0%          1    None
b - Ensorcelled Hibernat  Hex/Ice        #####.       1%          2    None
c - Confuse               Hex            ######..     1%          3    None
d - Tukima's Dance        Hex            ######..     1%          3    None
e - Dazzling Spray        Conj/Hex       #####.       1%          3    None


Dungeon Overview and Level Annotations

Branches:
Dungeon (1/1)

Altars:
Cheibriados
Dithmenos
Elyvilon
Fedhas
Gozag
Hepliaklqana
Kikubaaqudgha
Makhleb
Nemelex Xobeh
Okawaru
Qazlal
Ru
Sif Muna
Trog
Uskayaw
Vehumet
Xom
Yredelemnul
Zin
The Shining One
Jiyva
Lugonu

Shops:
D =*}%[}}*[}(*:(}[[

Annotations:
D exclusion: oklob plant


Innate Abilities, Weirdness & Mutations

You are tiny and cannot use many weapons and most armour.
You have supernaturally acute eyesight. (SInv)
You are a herbivore.
You cover ground extremely quickly.
You need consume almost no food.


Message History

There is a radiant altar of Vehumet here.
There is an open door, spattered with blood here.
Things that are here:
an uncursed shortbow; 18 arrows
There is an open door here.
There is an entrance to Tiuthrila's Jewellery Boutique here.
There is an open door here.
As you open the door, it creaks loudly! 2 ballistomycete spores come into view.
The ballistomycete spore waves its rhizomes.
The ballistomycete spore explodes!
The explosion of spores engulfs you!
You are confused.
You emit a cloud of dark smoke.
The explosion of spores engulfs the ballistomycete spore.
The ballistomycete spore explodes!
The explosion of spores engulfs you!
You are more confused.
Ouch! That really hurt!
You die...

#..#__####..##.#§§§..#§.##+##
#..#_____##'#..'§§§.§§§.#§..
#⌠⌠#_.∩...'..._#≈§§..#§.#§§^.
####_..__##_.#'##§#####'###.§
#_____###)#.#(...###.'.#..
############.####§###.###§#§.
#∩........'..(')....'.∩##§#..
###++++####§§§###########.#
##@###.......##†# #§#
#.....§.§'§# !$! #'''######§#
$)$($#.....§§§#§#
#######.....§§#§§#
#†((........≈####
#}†(.......≈≈# ##.......≈≈≈##
###..≈≈≈≈###


There were no monsters in sight!

Vanquished Creatures
  A deep elf annihilator (D)
  A hydra (D)
  2 centaur warriors (D)
  Sonja (D)
  7 unseen horrors (D)
  A deep troll (D)
  A lindwurm (D)
  An oklob plant (D)
  2 sirens (D)
  A gargoyle (D)
  2 kobold demonologists (D)
  4 demonic crawlers (D)
  A hellwing (D)
  A slime creature (D)
  2 redbacks (D)
  Sigmund (D)
  13 hogs (D)
  A yak (D)
  3 floating eyes (D)
  An ogre (D)
  7 necrophages (D)
  2 wasps (D)
  8 jellies (D)
  Ijyb (D)
65 creatures vanquished.

Vanquished Creatures (others)
  the Lernaean hydra (D)
  A gargoyle (D)
  3 wasps (D)
5 creatures vanquished.

Grand Total: 70 creatures vanquished

Notes
Turn   | Place    | Note
-------+----------+-------------------------------------------
     0 | D        | poirepourri the Spriggan Enchanter began the quest for the Orb.
     0 | D        | Reached XP level 1. HP: 9/9 MP: 5/5
     2 | D        | Noticed Ijyb
    15 | D        | Killed Ijyb
    15 | D        | Reached skill level 5 in Dodging
    15 | D        | Reached skill level 7 in Stealth
    15 | D        | Reached XP level 2. HP: 8/14 MP: 3/6
   106 | D        | Learned a level 2 spell: Ensorcelled Hibernation
   192 | D        | Noticed an ogre
   195 | D        | Killed an ogre
   195 | D        | Reached skill level 1 in Fighting
   195 | D        | Reached skill level 11 in Stealth
   195 | D        | Reached XP level 3. HP: 18/18 MP: 8/8
   195 | D        | Reached XP level 4. HP: 22/22 MP: 9/9
   207 | D        | Noticed Sigmund
   212 | D        | Killed Sigmund
   212 | D        | Reached skill level 5 in Short Blades
   212 | D        | Reached skill level 14 in Stealth
   212 | D        | Reached XP level 5. HP: 19/26 MP: 5/10
   311 | D        | Found a deep blue altar of Sif Muna.
   313 | D        | Found a radiant altar of Vehumet.
   317 | D        | Reached XP level 6. HP: 30/30 MP: 11/11
   356 | D        | Found Cucvenot's General Store.
   356 | D        | Found an ancient bone altar of Kikubaaqudgha.
   356 | D        | Found a hazy altar of Hepliaklqana.
   356 | D        | Found a stormy altar of Qazlal.
   356 | D        | Found a hide-covered altar of Uskayaw.
   356 | D        | Found a blossoming altar of Fedhas.
   356 | D        | Found a bloodstained altar of Trog.
   356 | D        | Found an iron altar of Okawaru.
   356 | D        | Found a basalt altar of Yredelemnul.
   356 | D        | Found a glowing golden altar of the Shining One.
   356 | D        | Found a snail-covered altar of Cheibriados.
   356 | D        | Found a sacrificial altar of Ru.
   356 | D        | Found a glowing silver altar of Zin.
   356 | D        | Found a shadowy altar of Dithmenos.
   356 | D        | Found a white marble altar of Elyvilon.
   356 | D        | Noticed a yak
   357 | D        | Found an opulent altar of Gozag.
   358 | D        | Killed a yak
   358 | D        | Reached skill level 10 in Dodging
   358 | D        | Reached skill level 15 in Stealth
   358 | D        | Reached skill level 5 in Hexes
   359 | D        | Found a sparkling altar of Nemelex Xobeh.
   367 | D        | Became a worshipper of Dithmenos the Shadowed
   372 | D        | Bought a +2 ring of protection for 130 gold pieces
   386 | D        | Found a burning altar of Makhleb.
   386 | D        | Found a viscous altar of Jiyva.
   386 | D        | Found a shimmering altar of Xom.
   386 | D        | Found a corrupted altar of Lugonu.
   386 | D        | Noticed a slime creature
   389 | D        | Killed a slime creature
   389 | D        | Reached skill level 16 in Stealth
   389 | D        | Reached skill level 5 in Spellcasting
   389 | D        | Reached XP level 7. HP: 34/34 MP: 13/15
   417 | D        | Noticed Sonja
   421 | D        | Killed Sonja
   421 | D        | Reached skill level 17 in Stealth
   421 | D        | Reached XP level 8. HP: 39/39 MP: 15/19
   456 | D        | Learned a level 3 spell: Confuse
   460 | D        | Learned a level 3 spell: Tukima's Dance
   464 | D        | Learned a level 3 spell: Dazzling Spray
   465 | D        | Noticed a deep troll
   469 | D        | Killed a deep troll
   469 | D        | Reached * piety under Dithmenos
   469 | D        | Reached skill level 18 in Stealth
   481 | D        | Found Ymigoh's Armour Emporium.
   509 | D        | Noticed a centaur warrior
   509 | D        | Noticed a centaur warrior
   620 | D        | Killed a centaur warrior
   620 | D        | Reached skill level 19 in Stealth
   620 | D        | Reached skill level 10 in Hexes
   620 | D        | Reached skill level 1 in Ice Magic
   620 | D        | Reached XP level 9. HP: 18/42 MP: 14/22
   650 | D        | Killed a centaur warrior
   650 | D        | Reached skill level 20 in Stealth
   938 | D        | Reached ** piety under Dithmenos
   941 | D        | Noticed an oklob plant
   950 | D        | Killed an oklob plant
  1094 | D        | Reached skill level 21 in Stealth
  1107 | D        | Noticed an unseen horror
  1108 | D        | Noticed an unseen horror
  1114 | D        | Killed an unseen horror
  1114 | D        | Reached *** piety under Dithmenos
  1114 | D        | Reached skill level 10 in Spellcasting
  1114 | D        | Reached XP level 10. HP: 46/46 MP: 23/25
  1116 | D        | Killed an unseen horror
  1116 | D        | Reached skill level 22 in Stealth
  1123 | D        | Reached **** piety under Dithmenos
  1242 | D        | Reached ***** piety under Dithmenos
  1249 | D        | Reached skill level 23 in Stealth
  1281 | D        | Found Reovap's Food Shoppe.
  1281 | D        | Found Tynner's Gadget Shop.
  1281 | D        | Found Xioj's Antique Armour Boutique.
  1283 | D        | Found Herupo's Gadget Emporium.
  1283 | D        | Found Tusum's Gadget Shop.
  1283 | D        | Found Jaubroxo's General Store.
  1283 | D        | Found Sunesk's Armour Boutique.
  1283 | D        | Found Pemeoh's Gadget Emporium.
  1283 | D        | Found Huehok's Weapon Shop.
  1283 | D        | Found Fazareb's General Store.
  1290 | D        | Found Xeul's Book Boutique.
  1291 | D        | Found Rynawk's Gadget Emporium.
  1291 | D        | Found Paavanob's Weapon Boutique.
  1292 | D        | Found Tinn's Antique Armour Emporium.
  1293 | D        | Bought a potion of resistance for 140 gold pieces
  1305 | D        | Bought a shiny buckler for 81 gold pieces
  1345 | D        | Found Tiuthrila's Jewellery Boutique.
  1353 | D        | Bought an uncursed ring of protection from fire for 275 gold pieces
  1355 | D        | Bought an uncursed ring of protection from fire for 275 gold pieces
  1365 | D        | Bought an uncursed ring of poison resistance for 220 gold pieces
  1405 | D        | Reached ****** piety under Dithmenos
  1406 | D        | Noticed an orange demon
  1491 | D        | Reached skill level 24 in Stealth
  1513 | D        | Noticed a lindwurm
  1522 | D        | Killed a lindwurm
  1522 | D        | Reached XP level 11. HP: 27/50 MP: 20/28
  1705 | D        | Reached skill level 25 in Stealth
  1900 | D        | Noticed a 12-headed hydra
  1902 | D        | Killed a 12-headed hydra
  2231 | D        | Noticed a daeva
  2235 | D        | Noticed an unseen horror
  2235 | D        | Noticed an unseen horror
  2235 | D        | Noticed an unseen horror
  2235 | D        | Noticed an unseen horror
  2237 | D        | Killed an unseen horror
  2238 | D        | Noticed an unseen horror
  2239 | D        | Killed an unseen horror
  2240 | D        | Killed an unseen horror
  2240 | D        | Reached skill level 26 in Stealth
  2242 | D        | Killed an unseen horror
  2244 | D        | Killed an unseen horror
  2484 | D        | Noticed a fire giant
  2541 | D        | Reached skill level 10 in Short Blades
  2541 | D        | Reached skill level 15 in Hexes
  2718 | D        | Noticed a deep elf annihilator
  2795 | D        | Killed a deep elf annihilator
  2809 | D        | Reached skill level 15 in Dodging
  2959 | D        | Noticed an oklob plant
  2959 | D        | Noticed a mummy priest
  2959 | D        | Noticed the 27-headed Lernaean hydra
  2997 | D        | Killed the 27-headed Lernaean hydra
  3692 | D        | Killed by an exploding ballistomycete spore

Vault maps used:
D:        dungeon_sprint_1

Skill      XL: |  1  2  3  4  5  6  7  8  9 10 11 |
---------------+----------------------------------+-----
Short Blades   | 2 4 5 6 7 8 9 10 | 10.1
Dodging        | 5 7 9 10 11 12 13 15 | 15.0
Stealth        | 7 11 14 16 17 19 21 24 26 | 26.7
Fighting       | 1 |  1.9
Spellcasting   | 5 6 8 10 12 14 | 14.2
Hexes          | 6 8 10 12 13 15 | 15.3
Ice Magic      | 1 2 |  2.0
Conjurations   | |  0.9

Action                   |  1- 3 |  4- 6 |  7- 9 | 10-12 || total
-------------------------+-------+-------+-------+-------++-------
Melee: Dagger            |    10 |     4 |    13 |   127 ||   154
 Cast: Corona            |     2 |       |       |       ||     2
       Ensorcelled Hiber |       |     2 |     7 |    41 ||    50
       Confuse           |       |       |     3 |     5 ||     8
       Dazzling Spray    |       |       |       |     7 ||     7
Invok: Shadow Step       |       |       |       |     1 ||     1
  Use: Potion            |     1 |       |       |     2 ||     3
       Scroll            |       |       |     2 |     2 ||     4
 Stab: Sleeping          |     1 |     4 |     8 |    40 ||    53
       Confused          |       |       |     2 |     4 ||     6
       Invisible         |       |       |       |     1 ||     1
  Eat: Bread ration      |       |       |       |     1 ||     1
Armor: Robe              |       |       |       |     6 ||     6
Dodge: Dodged            |     6 |     1 |     2 |    92 ||   101
